[Event "Božićni turnir u VaraždinskimToplicama 26.12.2025."]
[Site "Varazdinske Toplice, Croatia"]
[Date "2025.12.26"]
[Round "7.1"]
[White "Sagovac, Kristijan"]
[Black "Segovic, Goran"]
[Result "1/2-1/2"]
[TimeControl "10"]
[WhiteFideId "14542960"]
[BlackFideId "14508842"]
[WhiteElo "2014"]
[BlackElo "2324"]

1. e4 e5 2. Nf3 Nc6 3.
Bc4 Nf6 4. d3 Be7 5. O-O O-O 6. h3 d5 7. exd5 Nxd5 8. Re1 Bf6 9. c3 Re8 10.
Nbd2 Nb6 11. Bb5 Bd7 12. Ne4 Be7 13. Bxc6 Bxc6 14. Nxe5 Bxe4 15. Rxe4 Bf6 16. Bf4 Qd5 17. Ng4 Rxe4 18.
Nxf6+ gxf6 19. dxe4 Qxe4 20. Bxc7 Nd5 21. Bg3 Re8 22. Qb3 f5 23. Rd1 Nf6 24. Qb5 a6 25. Qd3 Qe6 26. Bf4 Ne4 27. Qd7 Re7 28. Qd8+ Kg7 29. f3 Re8 30. Qd4+ Nf6 31.
Bg5 Qe5 32. Bxf6+ Kxf6 33. Qb6+ Re6 34. Qxb7 Qe3+ 35. Kh1 Qf2 36. Qb4 Kg6 37. Rg1 Re2 38. b3 Rxa2 39. Qd6+ Kg7 40. Qe5+ Kg6 41. Qd6+ Kg5 42. Qd8+ Kf4 43. Qc7+ Kg5 44. Qxf7 Re2 45. Qg7+ Kf4 46. Rd1 Re1+ 47. Rxe1 Qxe1+ 48. Kh2 Qb1 49.
h4 Ke3 50. Qd4+ Ke2 51. Qc4+ Kf2 52. Qd4+ Kf1 53. b4 Qc2 54.
Qc4+ Ke1 55. Qe6+ Kf2 56. c4 Qd2 57. Qb6+ Kf1 58. Qg1+ Ke2 59. b5 Qf4 60. Kh3 Qxc4 61. b6 Qb5 62. g4 fxg4+ 63. Qxg4 Qxb6 64. Qe4+ Kf2 65. f4 Qb3+ 66.
Kg4 Qg8+ 67. Kh3 Qc8+ 68. f5 Qc3+ 69. Kg4 Qg7+ 70. Kh3 Qc7 71. Qd4+ Ke2 72. Qe4+ Kd2 73. f6 Qd7+ 74. Kg3 Qc7+ 75. Qf4+ Qxf4+ 76. Kxf4 a5 77. f7 a4 1/2-1/2

[Event "Božićni turnir u VaraždinskimToplicama 26.12.2025."]
[Site "Varazdinske Toplice, Croatia"]
[Date "2025.12.26"]
[Round "7.2"]
[White "Petrus, Adrian"]
[Black "Zelenika, Zoran"]
[Result "1/2-1/2"]
[TimeControl "10"]
[WhiteFideId "14573652"]
[BlackFideId "14534452"]
[WhiteElo "1636"]
[BlackElo "2031"]

1. e4 c5 2. Nf3 e6 3. d4 cxd4 4. Nxd4 a6 5. Nc3 Qc7 6. Be3 Bb4 7. Qd2 Nf6 8. f3 d5 9. Bg5 dxe4 10. Bxf6 gxf6 11. fxe4 Bxc3 12. bxc3 Nd7 13. Bd3 b6 14. O-O Bb7 15.
Kh1 Rc8 16. c4 Qe5 17. Nf3 Qh5 18. Rad1 Rg8 19. Ne1 Nc5 20. Rb1 Rd8 21. Qf4 Qg5 22. Rxb6 Qxf4 23. Rxf4 Bxe4 24. Kg1 Nxd3 25.
cxd3 Bxd3 26. Nxd3 Rxd3 27. Rb8+ Rd8 28. Rxd8+ Kxd8 29. Rxf6 Ke7 30. Rf3 Rc8 31. Rc3 Kd6 32. Kf2 Kc5 33. Rh3 Kxc4 34. Rxh7 f5 35. Re7 Kd5 36. Ra7 Rc2+ 37. Kf3 Rxa2 38. h4 Ra3+ 39. Kf2 Ra4 40. Kg3 Ra1 41. Kh2 Ra4 42. Kg3 1/2-1/2

[Event "Božićni turnir u VaraždinskimToplicama 26.12.2025."]
[Site "Varazdinske Toplice, Croatia"]
[Date "2025.12.26"]
[Round "7.3"]
[White "Vidovic, Sasa"]
[Black "Bozinovic, Bogdan"]
[Result "1-0"]
[TimeControl "10"]
[WhiteFideId "14505010"]
[BlackFideId "14502593"]
[WhiteElo "2202"]
[BlackElo "2129"]

1. b3 e5 2. Bb2 Nc6 3. e3 g6 4. Nf3 Bg7 5. d4 exd4 6. Nxd4 Nxd4 7. Bxd4 Bxd4 8. Qxd4 Qf6 9. Nc3 c6 10. O-O-O Qxd4 11. Rxd4 d5 12. e4 dxe4 13. Nxe4 Be6 14.
Nd6+ Ke7 15. Nxb7 Nf6 16. Be2 Bd5 17. f3 a5 18. a4 c5 19. Nxc5 Rhc8 20. Ne4 Bxb3 21. Bd3 Rab8 22. Re1 Nxe4 23.
Rexe4+ Kf8 24. Re5 Ba2 25. Rxa5 Rb1+ 26. Kd2 Rg1 27. Rg5 h6 28. Rg3 Be6 29. f4 Ra1 30. Re3 Kg7 31. Re5 Ra8 32. Bb5 Ra2 33. Rc5 Ra1 34.
Kc3 Rg1 35. Rd2 Ra1 36. Rc7 Kf6 37. h3 h5 38. Rc6 Kf5 39. Rf2 Ra3+ 40. Kb4 Re3 41. g4+ hxg4 42. Bd3+ Kf6 43. hxg4 Rb8+ 44.
Kc3 Ke7 45. f5 gxf5 46. gxf5 Bd7 47.
f6+ Kd8 48. Rc4 Ra8 49. Rh2 Rxa4 50. Rxa4 Bxa4 51. Rh7 Ke8 52. Kd4 Rf3 53. Rh6 Kd7 54. c3 Ke6 55. Bc4+ Kf5 56. Bxf7 Kg5 57. Rg6+ Kf5 58. c4 Bb3 59. Rh6 Rf4+ 60. Kc5 Kg5 61. Rg6 Kf5 62. Rh6 Kg5 63. Rh5 Kxf6 64. Bd5 Rf1 65. Rh6+ Kg5 66. Rh3 Ba2 67. Rg3 Kf4 68. Rg2 Bb3 69. Kd4 Rc1 70. Rf2 Kg3 71. Rf6 Kg4 72. Kc5 Kg5 73. Rf3 Ba2 74. Rg3 Kf4 75. Rg2 Bb3 76. Rf2+ Kg3 77. Rb2 Ba4 1-0

[Event "Božićni turnir u VaraždinskimToplicama 26.12.2025."]
[Site "Varazdinske Toplice, Croatia"]
[Date "2025.12.26"]
[Round "7.4"]
[White "Sostaric, Denis"]
[Black "Radic, Goran"]
[Result "0-1"]
[TimeControl "10"]
[WhiteFideId "14615851"]
[BlackFideId "14533995"]
[WhiteElo "1868"]
[BlackElo "2051"]

1. e4 d6 2. d4 Nf6 3. Nc3 Nbd7 4. Nf3 e5 5. Bc4 Be7 6. O-O O-O 7. a4 c6 8. Re1 Qc7 9. Bd3 Re8 10. b3 a6 11. Bb2 c5 12. d5 b6 13. Ne2 Nf8 14. Ng3 Ng6 15. c4 Nf4 16.
Bf1 Bg4 17. h3 Bd7 18. Ne2 Ng6 19. Kh2 Nh5 20. g3 Rf8 21. g4 Nhf4 22. Nxf4 Nxf4 23. Bc1 Rae8 24. Be3 h5 25. Nd2 hxg4 26.
hxg4 g5 27. Bxf4 exf4 28. Bd3 Bf6 29. Ra2 Kg7 30. Kg2 Rh8 31. f3 Rh4 32. Rh1 Reh8 33. Rxh4 Rxh4 34. Nf1 Qc8 35. a5 bxa5 36. Rxa5 Qh8 37.
Rxa6 Rh1 38. Rxd6 Bd4 0-1

[Event "Božićni turnir u VaraždinskimToplicama 26.12.2025."]
[Site "Varazdinske Toplice, Croatia"]
[Date "2025.12.26"]
[Round "7.5"]
[White "Mravunac, Damir"]
[Black "Hergotic, Ivica"]
[Result "1-0"]
[TimeControl "10"]
[WhiteFideId "14502810"]
[BlackFideId "14523884"]
[WhiteElo "2044"]
[BlackElo "2054"]

1. f4 c5 2. b3 Nc6 3.
Nf3 d5 4. e3 Nf6 5. Bb5 Bg4 6. Bb2 e6 7. O-O Qb6 8. Bxc6+ Qxc6 9. d3 Be7 10. Nbd2 Nd7 11. Qe1 Bxf3 12.
Nxf3 Bf6 13. Be5 Bxe5 14. fxe5 h6 15. Qg3 O-O 16. Rf2 f6 17. Raf1 fxe5 18. Nxe5 Nxe5 19. Qxe5 Rxf2 20. Rxf2 Qd7 21. h4 a6 22. Qf4 Qe7 23.
e4 Rf8 24. Qg4 Rxf2 25. Kxf2 Qf6+ 26. Ke2 Qe5 27. Kf3 Qf6+ 28. Kg3 Kh7 29. Qf3 Qe5+ 30. Qf4 Qd4 31. exd5 Qxd5 32. Qe4+ Kg8 33. Qxd5 exd5 34. Kf4 Kf7 35. Ke5 d4 36. Kd6 b6 37. Kc6 Kg6 38. Kxb6 Kh5 39. Kxc5 Kxh4 40. Kxd4 Kg3 41. c4 Kxg2 42. c5 h5 43. c6 h4 44. c7 h3 45. c8=Q h2 46. Qg4+ Kf2 47. Qh4+ Kg2 48. Qg4+ Kf2 49. Qh3 1-0

[Event "Božićni turnir u VaraždinskimToplicama 26.12.2025."]
[Site "Varazdinske Toplice, Croatia"]
[Date "2025.12.26"]
[Round "7.6"]
[White "Sardi, Darko"]
[Black "Mitrovic, Boris"]
[Result "0-1"]
[TimeControl "10"]
[WhiteFideId "14511100"]
[BlackFideId "14610655"]
[WhiteElo "1905"]
[BlackElo "1968"]

1. e4 Nf6 2. e5 Nd5 3. c4 Nb6 4. d4 d6 5. exd6 cxd6 6. Be3 g6 7. Nc3 Bg7 8. Rc1 O-O 9. Be2 Nc6 10. h3 e5 11. Nf3 h6 12. O-O f5 13. dxe5 dxe5 14. Qxd8 Rxd8 15. Rfd1 Be6 16. b3 Nd7 17. Nb5 Rac8 18. Nd6 Rb8 19. a3 f4 20. Bd2 Nc5 21. Be1 Nxb3 22. Rb1 Nbd4 23.
Nxd4 Nxd4 24. Rxd4 exd4 25. c5 Be5 26. Nc4 Bxc4 27. Bxc4+ Kg7 28. Bd3 Rdc8 29. Bb4 Bf6 30. Kf1 Be7 31. Bd2 g5 32. Bf5 Rxc5 33. Re1 Bf6 34. Bd3 b5 35.
Re6 Rb6 36. Re8 Ra6 37. Bb4 Rc1+ 38. Ke2 Rc7 39. Rb8 Rb6 40. Ra8 Re6+ 41. Kf3 Rec6 42. Kg4 a6 43. Be4 Re6 44. Bd3 Be7 45.
Ba5 Rc1 46. Ra7 Kf6 47. Bf5 Rec6 48. Be4 Re6 49. Bf5 Rcc6 50. Bxe6 Kxe6 51. Kh5 Bxa3 52. Kxh6 Kf5+ 53. Kh5 Bc5 54.
Rd7 b4 55. Rb7 d3 56. g4+ fxg3 57. fxg3 d2 58. Rf7+ Rf6 59. Rd7 Bd6 60. Bxb4 d1=Q 61. g4+ Kf4 62. Bc3 Re6 63. Rf7+ Kg3 0-1

[Event "Božićni turnir u VaraždinskimToplicama 26.12.2025."]
[Site "Varazdinske Toplice, Croatia"]
[Date "2025.12.26"]
[Round "7.8"]
[White "Marcec, Fran"]
[Black "Kodric, Vladimir"]
[Result "1/2-1/2"]
[TimeControl "10"]
[WhiteFideId "79313183"]
[BlackFideId "14604264"]
[WhiteElo "1150"]
[BlackElo "1920"]

1. b4 d5 2. Bb2 Bf5 3.
e3 e6 4. a3 Nd7 5. d4 Ngf6 6. Bd3 Bxd3 7. Qxd3 c6 8.
Nd2 a5 9. c3 Be7 10. Ngf3 O-O 11. O-O Nb6 12. Qc2 Qc7 13. Ne5 Nfd7 14. f4 f6 15. Nd3 Nb8 16. Nc5 Qc8 17. Ndb3 a4 18.
Nd2 N8d7 19. Rf3 Nxc5 20. bxc5 Nd7 21. c4 b6 22. cxb6 Nxb6 23. c5 Nd7 24. Rh3 g6 25. Nf3 Rf7 26.
Bc3 Qa6 27. Rb1 Nf8 28. Rb6 Qc8 29. e4 Bd8 30. Rb1 Qa6 31. e5 Qc4 32. Rb4 Qa6 33. Rg3 Rb7 34. exf6 Rxb4 35. Bxb4 Bxf6 36.
Ne5 Bxe5 37. fxe5 Ra7 38. Rf3 Rf7 39. Rxf7 Kxf7 40. Qf2+ Kg8 41. h4 Qd3 42. Kh2 h5 43. Kh1 Qd1+ 44. Kh2 Qg4 45. Bd2 Qf5 46. Qe2 Qc2 47. Qe3 Kf7 48. Qf4+ Qf5 49. Qe3 Qg4 50. Qf2+ Kg8 51.
Bg5 Qf5 52. Qd2 Qe4 53. Qd1 Nh7 54. Qxa4 Nxg5 55. hxg5 Qh4+ 56. Kg1 Qe1+ 57. Kh2 Qh4+ 58. Kg1 Qe1+ 1/2-1/2

[Event "Božićni turnir u VaraždinskimToplicama 26.12.2025."]
[Site "Varazdinske Toplice, Croatia"]
[Date "2025.12.26"]
[Round "7.9"]
[White "Vukmirovic, Dusan"]
[Black "Jakupec, Denis"]
[Result "1-0"]
[TimeControl "10"]
[WhiteFideId "938785"]
[BlackFideId "14503310"]
[WhiteElo "2082"]
[BlackElo "1971"]

1. e4 c5 2. Nf3 d6 3. d4 cxd4 4. Nxd4 Nf6 5.
Nc3 Nc6 6. Bc4 Qb6 7. Nxc6 bxc6 8. Bb3 g6 9. Be3 Qc7 10. Qd2 Bg7 11. Bh6 O-O 12. h4 a5 13. h5 a4 14. Bc4 Rb8 15.
hxg6 1-0

[Event "Božićni turnir u VaraždinskimToplicama 26.12.2025."]
[Site "Varazdinske Toplice, Croatia"]
[Date "2025.12.26"]
[Round "7.10"]
[White "Hostnjak, Hrvoje"]
[Black "Kovacek, Pavlo"]
[Result "1-0"]
[TimeControl "10"]
[WhiteFideId "14551470"]
[BlackFideId "14559200"]
[WhiteElo "1704"]
[BlackElo "1704"]

1. e4 c5 2. Be2 Nc6 3.
d3 d6 4. c3 g6 5. f4 Bg7 6. Nf3 e5 7. Be3 Nge7 8. Na3 b6 9. O-O f5 10. Qb3 Na5 11. Qc2 Nac6 12. Rad1 O-O 13.
Ng5 d5 14. fxe5 h6 15. Nf3 f4 16. Bf2 Nxe5 17. Nxe5 Bxe5 18. d4 cxd4 19. cxd4 Bg7 20. e5 Bf5 21. Bd3 Rc8 22. Qd2 g5 23. Nb5 Rc6 24. Nxa7 Rc7 25. Nb5 Rc6 26. Rc1 Rg6 27. Bxf5 Nxf5 28.
Qd3 g4 29. Nd6 Rg5 30. Nxf5 Rfxf5 31. Bh4 Qf8 32. Bxg5 hxg5 33. Rc6 g3 34. Rfc1 Qf7 35. Rc8+ Kh7 36. R1c7 Qg6 37. Rc6 Qf7 38. R8c7 Qf8 39.
Qf3 Qb4 40. Qh5+ Kg8 41. Rc8+ Rf8 42. Rxf8+ Qxf8 43. Qg4 gxh2+ 44. Kxh2 Qe8 45. Rc8 1-0

[Event "Božićni turnir u VaraždinskimToplicama 26.12.2025."]
[Site "Varazdinske Toplice, Croatia"]
[Date "2025.12.26"]
[Round "7.11"]
[White "Obad, Damir"]
[Black "Matkun, Josip"]
[Result "0-1"]
[TimeControl "10"]
[WhiteFideId "14514532"]
[BlackFideId "14513765"]
[WhiteElo "1999"]
[BlackElo "1832"]

1. e4 c5 2. Nf3 d6 3. d4 cxd4 4. Nxd4 Nf6 5. Nc3 e6 6. Ndb5 Nc6 7. Bg5 Be7 8. Be2 h6 9. Bh4 a6 10.
Nd4 Bd7 11. O-O Qc7 12. Bg3 Rc8 13. Kh1 O-O 14. f4 b5 15. Nxc6 Bxc6 16. e5 dxe5 17. fxe5 Ne4 18. Nxe4 Bxe4 19.
c3 Rcd8 20. Qe1 Bd5 21. Bf4 Qc6 22. Qg3 Kh8 23. Qh3 Kh7 24. Rae1 Be4 25. Rf2 Bf5 26. Bg4 Bg6 27. b4 Rd3 28.
Re3 Qxc3 29. Rxd3 Qxd3 30. Qxd3 Bxd3 31. Rd2 Bc4 32. Bf3 Bxb4 33. Be4+ Kg8 34. Rd7 Rc8 35. g4 a5 36. h4 Kf8 37.
g5 hxg5 38. Bxg5 a4 39. h5 Ba3 40. Bf6 Bxa2 41. Bg6 Bd5+ 42. Kh2 fxg6 43. Bxg7+ Kg8 44. h6 Rc2+ 45. Kg3 Bc1 46. Rd8+ Kf7 47. Rf8+ Ke7 48. Rh8 Rc3+ 49. Kg4 Bxh6 50. Bxh6 Kd7 51.
Rh7+ Kc6 52. Bg5 a3 53. Bd8 Kc5 54.
Rc7+ Kd4 55. Ra7 b4 56. Ra4 Rc4 57. Bb6+ Ke4 58. Ba5 0-1

[Event "Božićni turnir u VaraždinskimToplicama 26.12.2025."]
[Site "Varazdinske Toplice, Croatia"]
[Date "2025.12.26"]
[Round "7.12"]
[White "Srnec, Sladjan"]
[Black "Bedekovic, Jakov"]
[Result "0-1"]
[TimeControl "10"]
[WhiteFideId "14524554"]
[BlackFideId "14596458"]
[WhiteElo "1795"]
[BlackElo "1965"]

1. f4 d5 2. Nf3 c5 3.
e3 Nf6 4. d4 e6 5. c3 Nc6 6.
Bd3 Be7 7. O-O Qc7 8. Bd2 Bd7 9. Be1 h6 10. Nbd2 c4 11. Bc2 O-O-O 12. b3 Na5 13. Ne5 Rdf8 14. Nxd7 Nxd7 15. Qe2 Nb6 16.
bxc4 Nbxc4 17. Bb3 g5 18. Bg3 Bd6 19. Bxc4 Nxc4 20. Nxc4 dxc4 21. a4 h5 22. h3 Rfg8 23. a5 h4 24.
Bh2 g4 25. a6 b5 26. hxg4 h3 27. g3 Qc6 28. Qf3 Kd7 29. Qxc6+ Kxc6 30. g5 Rb8 31. Rfb1 Rb6 32. Kf2 Rhb8 33.
Kf3 b4 34. cxb4 Bxb4 35. Rc1 Kd5 36. Bg1 c3 37. e4+ Kc4 38. d5 Rd6 39. Bxa7 Ra8 40. Be3 exd5 41. exd5 Rxd5 42. Kg4 h2 43.
a7 Ra5 44. f5 Rxa1 45. Rxa1 Kd3 46. Kf3 c2 47. Ra4 h1=Q 48. Kf4 Bd6+ 49. Kg4 Kxe3 50. g6 fxg6 51. fxg6 Qh6 52. Kf5 Rf8+ 53. Ke6 Qxg6+ 54. Kd7 Qf7+ 55. Kc6 Qc7+ 56. Kd5 Rf5+ 57.
Ke6 Qe7+ 58. Kxf5 Qd7+ 0-1

[Event "Božićni turnir u VaraždinskimToplicama 26.12.2025."]
[Site "Varazdinske Toplice, Croatia"]
[Date "2025.12.26"]
[Round "7.13"]
[White "Soelkner, Julian"]
[Black "Jarnjak, Zlatko"]
[Result "1-0"]
[TimeControl "10"]
[WhiteFideId "1665421"]
[BlackFideId "79305938"]
[WhiteElo "1661"]
[BlackElo "1644"]

1. d4 d6 2. e4 Nf6 3. Bd3 e5 4. Ne2 Be7 5. O-O O-O 6. h3 a5 7. c4 Nbd7 8. Be3 exd4 9. Bxd4 Ne5 10. Ng3 c5 11. Bc3 g6 12.
Be2 Be6 13. Nd2 Qc7 14. f4 Nc6 15. f5 Nd7 16. fxe6 fxe6 17. Nf3 e5 18. Qd3 Nd8 19. Bd2 Ne6 20. Bh6 Rf7 21. Qd2 Nf4 22.
Nh2 g5 23. Nf5 Nf8 24. Bg4 N4g6 25. Rad1 Rd8 26. Bxg5 Bxg5 27. Qxg5 Ne6 28. Nh6+ Kg7 29. Bxe6 Rxf1+ 30. Rxf1 Rf8 31.
Rxf8 Kxf8 32. Qf6+ 1-0

[Event "Božićni turnir u VaraždinskimToplicama 26.12.2025."]
[Site "Varazdinske Toplice, Croatia"]
[Date "2025.12.26"]
[Round "7.14"]
[White "Bicanic, Mile"]
[Black "Forstnaric, Zdravko"]
[Result "0-1"]
[TimeControl "10"]
[WhiteFideId "14579995"]
[BlackFideId "14523841"]
[WhiteElo "1761"]
[BlackElo "1836"]

1. d4 d5 2. Bf4 Nf6 3. e3 c6 4. Bd3 g6 5. Nd2 Bg7 6. Ngf3 Nbd7 7. Ne5 O-O 8. Ndf3 c5 9. c3 c4 10. Bc2 Nxe5 11. Nxe5 Be6 12.
h4 h5 13. Bg5 Ng4 14. Nxg4 Bxg4 15. f3 Bd7 16. g4 Qc7 17. Bf4 e5 18. dxe5 Bxe5 19. Bxe5 Qxe5 20. Qe2 Rae8 21. Kf2 hxg4 22. fxg4 Re6 23. g5 Rfe8 24. Rae1 R6e7 25. Qf3 Bc6 26. Qf4 Qe6 27.
Rhf1 Qh3 28. Rh1 Qe6 29. Rhg1 b5 30. Qg4 Qd6 31. h5 d4 32. Qxd4 Qh2+ 33. Kf1 Qxc2 34. hxg6 fxg6 35. Re2 Rf8+ 36.
Ke1 Qc1+ 37. Qd1 Qxd1+ 38. Kxd1 Bf3 0-1

[Event "Božićni turnir u VaraždinskimToplicama 26.12.2025."]
[Site "Varazdinske Toplice, Croatia"]
[Date "2025.12.26"]
[Round "7.15"]
[White "Veres, Vedran"]
[Black "Brnadic, Grga"]
[Result "0-1"]
[TimeControl "10"]
[WhiteFideId "79330134"]
[BlackFideId "14578999"]
[WhiteElo "1930"]
[BlackElo "1387"]

1. e4 c5 2. g3 d6 3. Bg2 Nf6 4. Ne2 g6 5. O-O Bg7 6. c3 e5 7. d3 Qc7 8.
h3 O-O 9. f4 Nbd7 10. f5 b5 11. g4 Bb7 12. Ng3 Nb6 13. g5 Nfd7 14. f6 Bh8 15. h4 Rfe8 16. h5 Nf8 17. Kh2 Ne6 18.
Rh1 c4 19. hxg6 fxg6 20. Na3 a6 21. d4 Nf4 22. d5 Nd7 23. Ne2 Nxg2 24. Kxg2 Nc5 25. Ng3 Rad8 26. Be3 Nd3 27. Qd2 Bc8 28.
Nc2 Nxb2 29. Raf1 Rf8 30. Nb4 Nd3 31. Nc6 Rde8 32. Rh6 Rf7 33. Rfh1 Bb7 34. Ne7+ Rexe7 35. fxe7 Qxe7 36. Qd1 Bc8 37. R1h4 Nf4+ 38. Bxf4 exf4 39.
Ne2 f3+ 40. Kh2 fxe2 41. Qxe2 Qe5+ 42. Kh1 Qxc3 43. Rxh7 Rxh7 44. Rxh7 Kxh7 45. Qh2+ Kg8 46.
Qxd6 Qa1+ 47. Kg2 Qb2+ 48. Kf3 Qc3+ 49. Ke2 Bg4+ 50. Kf1 Qf3+ 51. Kg1 Bd4+ 52. Kh2 Qh3# 0-1

[Event "Božićni turnir u VaraždinskimToplicama 26.12.2025."]
[Site "Varazdinske Toplice, Croatia"]
[Date "2025.12.26"]
[Round "8.1"]
[White "Segovic, Goran"]
[Black "Vidovic, Sasa"]
[Result "*"]
[TimeControl "10"]
[WhiteFideId "14508842"]
[BlackFideId "14505010"]
[WhiteElo "2324"]
[BlackElo "2202"]

1. e4 d6 2. d4 Nf6 3.
Nc3 c6 4. f3 e5 5. Nge2 Be7 6.
Be3 O-O 7. Qd2 b5 8. Ng3 Qa5 9. Bd3 a6 10.
O-O Qc7 11. Nce2 c5 12. c3 Nc6 13. Rac1 Re8 14. Bb1 Bd7 15. h3 Rad8 16. f4 exd4 17. cxd4 cxd4 18. Nxd4 Qb7 19. Ndf5 Bxf5 20. Nxf5 Bf8 21. Ng3 h5 22.
h4 d5 23. e5 Ne4 24. Nxe4 dxe4 25. Qc2 Nd4 26. Qf2 Nf5 27. Rfe1 Rc8 28. Kh2 Be7 29. g3 Nh6 30. Qe2 Ng4+ 31.
Kg2 f5 32. exf6 Bxf6 33. Rcd1 Red8 34. a3 Rxd1 35. Rxd1 Rd8 36. Re1 Kh8 37. Bc1 e3+ 38. Qf3 Qe7 39. Qe4 Qxe4+ 40. Bxe4 Rd2+ 41. Kg1 Bxb2 42. Bxd2 exd2 43. Rb1 Ne3 44. Bf3 Bc1 45. Bxh5 Kh7 46. Bf3 g6 47. Be2 Kg7 48.
g4 Kf6 49. Bf3 Ke6 50. Be2 Kf6 51. Kh2 Nc4 52. Kg3 Nxa3 53.
Rb3 Nc4 54. Rd3 a5 55. g5+ Ke7 56.
Rd5 Ne3 57. Re5+ Kd6 58. Rxb5 Nf5+ 59. Kg4 a4 60. Rb6+ Kc7 61. Ra6 *

[Event "Božićni turnir u VaraždinskimToplicama 26.12.2025."]
[Site "Varazdinske Toplice, Croatia"]
[Date "2025.12.26"]
[Round "8.2"]
[White "Radic, Goran"]
[Black "Mravunac, Damir"]
[Result "*"]
[TimeControl "10"]
[WhiteFideId "14533995"]
[BlackFideId "14502810"]
[WhiteElo "2051"]
[BlackElo "2044"]

1. d4 e6 2. Nc3 f5 3. g4 Bb4 4. Bg2 Nf6 5. g5 Ne4 6. Bxe4 fxe4 7. Bf4 O-O 8. e3 d6 9. Nge2 Nc6 10.
a3 Bxc3+ 11. Nxc3 Qe7 12. Qh5 Rf5 13. h4 Nxd4 14. O-O-O e5 15. Bg3 Nc6 16. Nxe4 Be6 17. Qe2 Qf7 18.
g6 Qxg6 19. Ng5 Bd7 20. Rdg1 Rxg5 21. hxg5 Bf5 22. f3 Ne7 23. e4 Be6 24. Bf2 Qf7 25. Be3 Rf8 26. Qh2 Qg6 27. Rf1 b5 28.
Qd2 Bc4 29. Rf2 Nc6 30. Qc3 Nd4 31. Bxd4 exd4 32. Qxd4 Qxg5+ 33. Qd2 Qf6 34. f4 a5 35. Qxa5 Qd4 36. Qe1 b4 37. Rd2 Qf6 38. Qh4 bxa3 39.
Qxh7+ Kf7 40. Qh5+ Ke7 41. e5 Qxf4 42. exd6+ cxd6 43. Re1+ Kd7 44. Qh3+ Rf5 45. Qxa3 Rc5 46. Qa7+ Kc6 47.
Qa8+ Kc7 48. Re7+ Kb6 49. Rb7+ Kc6 50.
Rf7+ *

[Event "Božićni turnir u VaraždinskimToplicama 26.12.2025."]
[Site "Varazdinske Toplice, Croatia"]
[Date "2025.12.26"]
[Round "8.3"]
[White "Mitrovic, Boris"]
[Black "Petrus, Adrian"]
[Result "*"]
[TimeControl "10"]
[WhiteFideId "14610655"]
[BlackFideId "14573652"]
[WhiteElo "1968"]
[BlackElo "1636"]

1. Nf3 f5 2. d4 Nf6 3. c4 g6 4. Nc3 Bg7 5.
e3 O-O 6. Bd3 d6 7. O-O Nc6 8. a3 e5 9.
d5 e4 10. dxc6 bxc6 11. Be2 exf3 12. Bxf3 Bd7 13. Qc2 Ng4 14. Bxg4 fxg4 15. b3 Qh4 16.
g3 Qh3 17. Bb2 Rae8 18. Rae1 Rf5 19. Nd1 Bxb2 20. Qxb2 Rf3 21. Kh1 Re5 22. Rg1 c5 23. e4 Bc6 24. Qc2 Qh6 25. Re3 Rxe3 26.
Nxe3 Bxe4+ *

[Event "Božićni turnir u VaraždinskimToplicama 26.12.2025."]
[Site "Varazdinske Toplice, Croatia"]
[Date "2025.12.26"]
[Round "8.4"]
[White "Sagovac, Kristijan"]
[Black "Srsan, Matija"]
[Result "*"]
[TimeControl "10"]
[WhiteFideId "14542960"]
[BlackFideId "14520001"]
[WhiteElo "2014"]
[BlackElo "1942"]

1. e4 c5 2. Nf3 e6 3. d4 cxd4 4. Nxd4 Nf6 5. Nc3 Bb4 6. e5 Nd5 7. Bd2 Nxc3 8. bxc3 Be7 9. Qg4 O-O 10. Bh6 g6 11.
Bxf8 Bxf8 12. Bd3 Nc6 13. Nf3 f5 14. exf6 Qxf6 15. O-O d5 16. Qg5 Qg7 17. Rfe1 Be7 18. Qg3 Bf6 19. Nd4 Nxd4 20. cxd4 Bxd4 21. Rab1 e5 22. c4 e4 23. cxd5 Be5 24. Qe3 exd3 25. Qxe5 Qxe5 26. Rxe5 Bf5 27. d6 Rd8 28. Rd5 Re8 29.
Rd1 Kf7 30. f3 h5 31. h3 h4 32. Rd4 g5 33. Rd2 Ke6 34. Kf2 Ke5 35. Rb4 b6 36. Rb5+ Ke6 37. Rd1 Rd8 38. Re1+ Kf6 39. Rd5 Rd7 40. Re7 Rxd6 41. Rxd6+ Kxe7 42. Rd4 a6 43. Ke3 Ke6 44. f4 gxf4+ 45. Rxf4 b5 46. Rxh4 a5 47.
g4 Bg6 48. Rh6 Kf7 49. g5 b4 50. Rh8 a4 51. Rb8 b3 52.
axb3 axb3 53. Rxb3 Bf5 54. h4 Kg6 55. Rb4 Kh5 56. Rf4 Bh7 57. Rd4 Bg6 58. Rxd3 Kxh4 59.
Rd5 Kg4 60. Kd4 Kf4 61. Kc5 Bf5 62. Rd4+ Kxg5 63. Rd5 Kf6 64. Rd1 *

[Event "Božićni turnir u VaraždinskimToplicama 26.12.2025."]
[Site "Varazdinske Toplice, Croatia"]
[Date "2025.12.26"]
[Round "8.5"]
[White "Zelenika, Zoran"]
[Black "Sostaric, Denis"]
[Result "*"]
[TimeControl "10"]
[WhiteFideId "14534452"]
[BlackFideId "14615851"]
[WhiteElo "2031"]
[BlackElo "1868"]

1. Nf3 d5 2. g3 Nf6 3.
Bg2 e6 4. O-O Be7 5. d4 O-O 6. c4 dxc4 7. Qa4 Bd7 8.
Qxc4 Bc6 9. Nc3 Nbd7 10. Qd3 h6 11. e4 Nc5 12. Qe2 Ncxe4 13. Nxe4 Bxe4 14. Bf4 c6 15. Be5 Qd5 16. Rfe1 Bxf3 17.
Bxf3 Qa5 18. a3 Nd5 19. b4 Qd8 20. Rad1 Bf6 21. Bxd5 exd5 22. b5 Bxe5 23. dxe5 Re8 24. bxc6 bxc6 25. Qc2 Re6 26. f4 Qb6+ 27.
Kg2 Rae8 28. Rd2 d4 29. Qc4 c5 30. Rde2 Qc6+ 31. Kf2 Rd8 32. f5 Ree8 33. e6 Re7 34. f6 Rxe6 35. Rxe6 fxe6 36.
Rxe6 Qd5 37. Qxd5 Rxd5 38. fxg7 Kxg7 39. Re7+ Kf6 40. Rxa7 Re5 41. Ra6+ Ke7 42. Rxh6 d3 43. Rh7+ Kd6 44. Rh6+ Kd5 45. Rh8 c4 46. Rd8+ Kc5 47. h4 Rd5 48. Rxd5+ Kxd5 49. Ke3 Ke5 50. a4 *

[Event "Božićni turnir u VaraždinskimToplicama 26.12.2025."]
[Site "Varazdinske Toplice, Croatia"]
[Date "2025.12.26"]
[Round "8.6"]
[White "Bozinovic, Bogdan"]
[Black "Soelkner, Julian"]
[Result "*"]
[TimeControl "10"]
[WhiteFideId "14502593"]
[BlackFideId "1665421"]
[WhiteElo "2129"]
[BlackElo "1661"]

1. d4 Nf6 2. c4 e6 3. Nc3 c5 4. d5 exd5 5. cxd5 d6 6. e4 g6 7. f4 Bg7 8. Bb5+ Bd7 9. e5 Qe7 10. Qe2 dxe5 11. fxe5 Bxb5 12. Nxb5 Nxd5 13.
Nd6+ Kf8 14. Nf3 Nc6 15. O-O Nxe5 16. Nxe5 Qxe5 17. Rxf7+ Kg8 18. Rxg7+ Qxg7 19. Qe6+ Kf8 20. Bh6 *

[Event "Božićni turnir u VaraždinskimToplicama 26.12.2025."]
[Site "Varazdinske Toplice, Croatia"]
[Date "2025.12.26"]
[Round "8.7"]
[White "Forstnaric, Zdravko"]
[Black "Vukmirovic, Dusan"]
[Result "*"]
[TimeControl "10"]
[WhiteFideId "14523841"]
[BlackFideId "938785"]
[WhiteElo "1836"]
[BlackElo "2082"]

1. d4 d5 2. c4 Nf6 3. Nc3 e6 4. Nf3 Bb4 5. Bg5 dxc4 6. e4 b5 7. e5 h6 8. Bh4 g5 9. Nxg5 hxg5 10. Bxg5 Nbd7 11. exf6 Bb7 12. a3 Bxc3+ 13. bxc3 c6 14. Qf3 Qa5 15. Be2 O-O-O 16. O-O Rdg8 17. Qe3 Nb6 18. Bf3 Na4 19. Rfc1 Qc7 20. Bf4 Qd8 21. Qe5 Kd7 22. Qd6+ Ke8 23. Bxc6+ Bxc6 24. Qxc6+ Qd7 25.
Qa8+ Qd8 26. Qxa7 Qxf6 27. Qb8+ Qd8 28. Qxb5+ Qd7 29. Qxc4 Qb7 30. Qxa4+ Kd8 31. d5 *

[Event "Božićni turnir u VaraždinskimToplicama 26.12.2025."]
[Site "Varazdinske Toplice, Croatia"]
[Date "2025.12.26"]
[Round "8.8"]
[White "Hergotic, Ivica"]
[Black "Marcec, Fran"]
[Result "*"]
[TimeControl "10"]
[WhiteFideId "14523884"]
[BlackFideId "79313183"]
[WhiteElo "2054"]
[BlackElo "1150"]

1. e4 c6 2. f4 d5 3. e5 Bf5 4. Ne2 h5 5. Ng3 Bg4 6. Be2 Bxe2 7.
Qxe2 h4 8. Nf5 e6 9. Ne3 Nd7 10. d4 Nh6 11. c3 c5 12. Nd2 g6 13. Nf3 Nf5 14. Nxf5 gxf5 15. Be3 cxd4 16. Bxd4 Bh6 17. g3 hxg3 18.
hxg3 Bg7 19. Rxh8+ Bxh8 20. Qh2 Bg7 21.
Qh5 Qe7 22. Qh7 Qf8 23. O-O-O O-O-O 24. Ng5 Re8 25. Re1 b6 26. Qh5 Re7 27. Kc2 Nc5 28. g4 fxg4 29. Qxg4 Qh8 30. Bxc5 bxc5 31. Re2 Kc7 32. Rg2 Bf8 33. Qe2 Kb6 34.
a4 a6 35. Qf2 f6 36. Nf3 Qh7+ 37. Kb3 Kc6 38. exf6 Rb7+ 39. Ka2 Qe4 40. Qe2 Qxa4+ 41. Kb1 Qxf4 42. f7 Rxf7 43.
Ne5+ Kd6 44. Nxf7+ Qxf7 45. Qxa6+ Ke7 46. Qb7+ Ke8 47. Qc8+ Ke7 48. Qxc5+ Kd7 49. Qa7+ Ke8 50. Qb8+ Kd7 51. Qb7+ Ke8 52. Qxf7+ Kxf7 53. Kc2 Ke7 54. Kd3 Kd6 55. Rg8 Be7 56. b4 Kc6 57. Re8 Kd7 58. Ra8 Bd6 59. Kd4 Bg3 60. Ra7+ Kd6 61.
Ra6+ Kd7 62. b5 Bf2+ 63. Ke5 Kc7 64.
Kxe6 d4 65. cxd4 Bxd4 66. Kd5 Bb6 67. Kc4 Kb7 68. Ra2 Be3 69. Re2 Bf4 70. Kc5 Bg5 71. Re5 Bd8 72. Rh5 Be7+ 73. Kc4 Bd8 74. Re5 Kb6 75. Re6+ Kb7 76. Kc5 Bh4 77. Re4 Bg5 78. b6 Bd8 79. Rb4 Be7+ 80. Kb5 Bxb4 81. Kxb4 Kxb6 *